 Dungeon Crawl Stone Soup version 0.29-a0-360-g8ed1089bbe (webtiles) character file.

Game seed: 17526125696139437457

32428 jaega1 the Severer (level 13, -5/95 HPs)
             Began as a Hill Orc Fighter on Apr 28, 2022.
             Was an Elder of Trog.
             Killed from afar by a wretched star (8 damage)
             ... with a lance of force
             ... on level 3 of the Abyss.
             The game lasted 00:49:08 (18524 turns).

jaega1 the Severer (Hill Orc Fighter)              Turns: 18524, Time: 00:49:09

Health: -5/95      AC: 23    Str: 22    XL:     13   Next: 64%
Magic:  13/13      EV: 10    Int:  8    God:    Trog [****..]
Gold:   734        SH:  5    Dex: 12    Spells: 12/12 levels left

rFire   . . .      SeeInvis .   w - +4 battleaxe (drain)
rCold   + . .      Faith    .   (shield currently unavailable)
rNeg    . . .      Spirit   .   I - +0 shadow dragon scales
rPois   +          Reflect  +   x - +0 helmet
rElec   .          Harm     .   J - +0 cloak of the Blind Marksman {rPois}
rCorr   .          Rampage  .   y - +0 pair of gloves
Will    .....                   s - +1 pair of boots
Stlth   ++........              u - amulet of reflection
HPRegen 0.25/turn               M - ring of protection from cold
MPRegen 0.13/turn               (no ring)

@: unable to read
A: inability to read while threatened, devolution 1, low MP 1[+2]
a: Renounce Religion, Berserk, Trog's Hand, Brothers in Arms


You were on level 3 of the Abyss.
You worshipped Trog.
Trog was greatly pleased with you.
You visited 2 branches of the dungeon, and saw 14 of its levels.
You visited the Abyss 1 time.
You also visited: Sewer and Volcano.

You collected 734 gold pieces.

Inventory:

Hand Weapons
 w - a +4 battleaxe of draining (weapon)
Missiles
 n - 14 boomerangs (quivered)
 L - 6 javelins
Armour
 b - a +0 scale mail
 c - a +0 buckler
 s - a +1 pair of boots (worn)
 x - a +0 helmet (worn)
 y - a +0 pair of gloves (worn)
 B - the +4 ring mail of Xuzuw {rElec rN++ Str+4 Int-5}
   (You found it on level 4 of the Lair of Beasts)

   Str:       It affects your strength (+4).
   Int:       It affects your intelligence (-5).
   rElec:     It insulates you from electricity.
   rN:        It greatly protects you from negative energy.
 D - a +0 pair of gloves
 I - +0 shadow dragon scales (worn)
 J - the +0 cloak of the Blind Marksman (worn) {rPois}
   (You found it on level 7 of the Dungeon)

   rPois:     It protects you from poison.
 K - a scarf of shadows
Jewellery
 l - a ring of fire
 u - an amulet of reflection (around neck)
 z - a ring of willpower
 M - a ring of protection from cold (left hand)
 N - an amulet of guardian spirit
Wands
 q - a wand of polymorph (19)
 t - a wand of flame (61)
 H - a wand of paralysis (15)
 O - a wand of digging (14)
 P - a wand of iceblast (5)
Scrolls
 e - a scroll of enchant weapon {unknown}
 h - a scroll of fog
 k - 5 scrolls of teleportation
 m - a scroll of enchant armour
 o - 3 scrolls of fear
 A - a scroll of brand weapon
 E - a scroll of magic mapping
 G - a scroll of blinking {unknown}
Potions
 a - 2 potions of lignification
 d - a potion of might
 f - 2 potions of cancellation {unknown}
 g - a potion of invisibility
 i - a potion of resistance
 j - 2 potions of magic {unknown}
 p - 9 potions of heal wounds
 r - 2 potions of ambrosia {unknown}
 v - a potion of attraction
 C - 3 potions of curing {unknown}
 F - a potion of flight


   Skills:
 - Level 3.6 Fighting
 - Level 20.0 Axes
 - Level 0.3 Staves
 - Level 10.0 Throwing
 - Level 11.0 Armour
 - Level 5.1 Dodging
 - Level 3.2 Shields
 * Level 7.8 Invocations


You had 12 spell levels left.
You didn't know any spells.
Your spell library was empty.

Dungeon Overview and Level Annotations

Branches:
Dungeon (8/15)             Temple (0/1) D:6            Lair (6/6) D:8
 Shoals (0/4) Lair:3       Spider (0/4) Lair:2        Slime (0/5) Lair:5
  Sewer (visited)         Volcano (visited)

Altars:
Elyvilon
Fedhas
Hepliaklqana
Kikubaaqudgha
Qazlal
Trog
Vehumet

Shops:
D:4 ?


Innate Abilities, Weirdness & Mutations

You sometimes lose the ability to read scrolls when taking damage.
You have hidden genetic defects.
[Your magical capacity is extremely low. (-30% MP)]


Message History

The ufetubus hits you but does no damage.
The ufetubus closely misses you.
The wretched star pulses with an eldritch light!
You feel less energetic. x2
Tentacles burst from the starspawn's body!
The ufetubus hits you. You block the ufetubus's attack.
A tentacle flies out from the starspawn's body! 3 starspawn tentacles come into view.
The hellion attacks as you move away! The hellion completely misses you.
The ufetubus attacks as you move away! The ufetubus hits you.
The ufetubus completely misses you.
Your skin stops crawling.
You feel less strong-willed.
You are no longer corroded.
The hellion gestures at you.
The sphere of damnation explodes!
The damnation engulfs you!!
* * * LOW HITPOINT WARNING * * *
The damnation engulfs the ufetubus!!
The ufetubus dies!
Something shouts, "Escape, thou bootless clapper-clawed pigeon-egg!"
You hear a chilling moan.
A tentacled starspawn comes into view.
The hellion hits you but does no damage.
The starspawn tentacle grabs you. The starspawn tentacle constricts you.
* * * LOW HITPOINT WARNING * * *
Tentacles burst from the starspawn's body! 2 starspawn tentacles come into view.
The starspawn tentacle's grasp on you weakens, but your attempt to escape fails.
The starspawn tentacle loses its grip on you.
The tentacle pulls you backwards! The hellion hits you.
* * * LOW HITPOINT WARNING * * *
The starspawn tentacle grabs you. The starspawn tentacle constricts you.
You escape the starspawn tentacle's grasp.
A starspawn tentacle comes into view.
The hellion hits you but does no damage. x2
Unknown command.
The hellion attacks as you move away! The hellion completely misses you.
A tentacle flies out from the starspawn's body!
The wretched star glows turbulently.
The lance of force hits you!
You die...

..#.... #...##.d.
..........# . .. ... .
.X #.....######.## .
..###w##........### ##XX
..........──....# #.....
........w─..│....... .
........#.h.X##>...XX...
........*.d.............
.......@2h.3X....>......
.###.#.##............. .
..# #...............
.... ##....#..#...#.
#.... #....##### ###
#.... #...## .... .....
##.# #...## ...#


You could see a yellow draconian, 3 tentacled starspawn, a wretched star, a
smoke demon, a hellion, 2 raiju and 2 starspawn tentacles.

Vanquished Creatures
  A very ugly thing (Abyss:2)
  2 hydras
  5 death yaks
  A lindwurm (Lair:6)
  2 wizards (Volcano)
  The ghost of zeratav the Archer, a novice DgHu (D:7)
  A worldbinder (Abyss:3)
  7 elephants
  2 toenail golems (Volcano)
  A black mamba (Lair:1)
  6 cane toads
  8 komodo dragons
  A burning bush (Lair:3)
  A polar bear (Lair:5)
  15 blink frogs
  47 yaks
  5 wyverns
  4 basilisks
  2 steam dragons
  A redback (Lair:2)
  A neqoxec (Abyss:2)
  20 water moccasins
  2 black bears
  An orc warrior (D:5)
  3 ice beasts
  A small abomination (Abyss:2)
  An ogre (D:6)
  23 wolves
  2 phantoms
  2 kobold brigands
  11 bullfrogs
  2 necrophages
  5 scorpions
  5 wights (D:4)
  An electric eel (Lair:3)
  A howler monkey (D:5)
  3 hounds
  6 orc priests
  6 jellies
  Ijyb (D:5)
  An iron imp (Abyss:2)
  Natasha (thrice) (D:2)
  A gnoll shaman (D:7)
  A hell rat (Sewer)
  3 iguanas
  2 orc wizards
  9 gnolls
  6 adders
  2 river rats (Sewer)
  2 shadow imps
  3 white imps
  2 ufetubi
  A worm (D:2)
  4 dart slugs
  28 orcs
  7 ball pythons
  5 bats
  7 endoplasms
  4 giant cockroaches (D:4)
  2 goblins
  6 hobgoblins
  8 quokkas
  2 frilled lizards (D:3)
  16 kobolds
  7 rats
  A bush (Lair:3)
343 creatures vanquished.

Vanquished Creatures (collateral kills)
  A hydra (Lair:3)
1 creature vanquished.

Vanquished Creatures (others)
  An orc wizard (D:5)
  An ufetubus (Abyss:3)
  26 fungi
  41 plants
  14 starspawn tentacles (Abyss:3)
83 creatures vanquished.

Grand Total: 427 creatures vanquished

Notes
Turn   | Place    | Note
-------+----------+-------------------------------------------
     0 | D:1      | jaega1 the Hill Orc Fighter began the quest for the Orb.
     0 | D:1      | Reached XP level 1. HP: 19/19 MP: 1/1
    47 | D:1      | Reached skill level 3 in Axes
   180 | D:1      | Reached XP level 2. HP: 23/26 MP: 2/2
   478 | D:1      | Found a faded altar of an unknown god.
   487 | D:1      | Prayed at the altar of an unknown god.
   487 | D:1      | Became a worshipper of Trog the Wrathful
   487 | D:1      | Reached * piety under Trog
   532 | D:1      | Reached skill level 4 in Axes
  1270 | D:2      | Reached XP level 3. HP: 22/31 MP: 3/3
  1407 | D:2      | Noticed Natasha
  1412 | D:2      | Killed Natasha
  1413 | D:2      | Reached skill level 5 in Axes
  1512 | D:2      | Reached XP level 4. HP: 38/39 MP: 4/4
  1543 | D:2      | Noticed Natasha
  1544 | D:2      | Noticed a scorpion
  1568 | D:1      | Killed a scorpion
  1569 | D:1      | Reached skill level 6 in Axes
  1569 | D:1      | Reached XP level 5. HP: 45/45 MP: 5/5
  1622 | D:2      | Killed Natasha
  1623 | D:2      | Reached skill level 7 in Axes
  1728 | D:2      | Noticed Natasha
  1739 | D:2      | Killed Natasha
  2102 | D:3      | Reached skill level 8 in Axes
  2102 | D:3      | Reached XP level 6. HP: 51/51 MP: 6/6
  2384 | D:3      | Reached ** piety under Trog
  2947 | D:3      | Reached skill level 9 in Axes
  3086 | D:3      | Found a stormy altar of Qazlal.
  3087 | D:3      | Found a blossoming altar of Fedhas.
  3272 | D:4      | Found a glowing drain.
  3305 | Sewer    | Entered a sewer
  3476 | D:4      | Found Jyilix's Magic Scroll Shop.
  3677 | D:4      | Reached XP level 7. HP: 53/57 MP: 7/7
  3790 | D:4      | Reached skill level 10 in Axes
  4253 | D:4      | Reached skill level 11 in Axes
  4539 | D:5      | Entered Level 5 of the Dungeon
  4618 | D:5      | Reached XP level 8. HP: 57/64 MP: 8/8
  4829 | D:5      | Reached skill level 12 in Axes
  4997 | D:5      | Noticed Ijyb
  5251 | D:5      | Killed Ijyb
  5297 | D:5      | Reached skill level 13 in Axes
  5393 | D:5      | Reached *** piety under Trog
  5802 | D:6      | Reached skill level 14 in Axes
  6060 | D:6      | Reached XP level 9. HP: 56/70 MP: 9/9
  6426 | D:6      | Found a staircase to the Ecumenical Temple.
  6533 | D:6      | Reached skill level 15 in Axes
  6930 | D:7      | Found a white marble altar of Elyvilon.
  6930 | D:7      | Found a radiant altar of Vehumet.
  7063 | D:7      | Reached skill level 1 in Throwing
  7213 | D:7      | Found a runed translucent door.
  7214 | D:7      | Noticed zeratav's ghost (novice DgHu)
  7284 | D:7      | Killed zeratav's ghost
  7285 | D:7      | Reached skill level 5 in Armour
  7841 | D:7      | Identified the +0 cloak of the Blind Marksman {rPois}
  8035 | D:7      | Reached XP level 10. HP: 77/77 MP: 10/10
  8098 | D:8      | Reached skill level 5 in Throwing
  8103 | D:8      | Reached **** piety under Trog
  8113 | D:8      | Noticed a seven-headed hydra
  8189 | D:8      | Found an ancient bone altar of Kikubaaqudgha.
  8244 | D:8      | Found a hazy altar of Hepliaklqana.
  8388 | D:8      | Found a staircase to the Lair.
  9013 | Lair:1   | Entered Level 1 of the Lair of Beasts
  9030 | Lair:1   | Noticed a black mamba
  9035 | Lair:1   | Killed a black mamba
  9079 | Lair:1   | Reached skill level 16 in Axes
  9277 | Lair:1   | Reached XP level 11. HP: 57/82 MP: 11/11
  9404 | Lair:1   | Reached skill level 17 in Axes
 10293 | Lair:1   | Reached skill level 18 in Axes
 10734 | Lair:2   | Found a hole to the Spider Nest.
 11426 | Lair:1   | Reached skill level 19 in Axes
 12683 | Lair:2   | Reached skill level 20 in Axes
 12932 | Lair:2   | Reached XP level 12. HP: 82/90 MP: 12/12
 13948 | Lair:3   | Found a staircase to the Shoals.
 14173 | Lair:3   | Noticed a four-headed hydra
 14185 | Lair:3   | Killed a seven-headed hydra
 14588 | Lair:3   | Reached skill level 10 in Armour
 14965 | Lair:3   | Reached skill level 1 in Invocations
 15395 | Lair:4   | Noticed a six-headed hydra
 15407 | Lair:4   | Killed a nine-headed hydra
 15619 | Lair:4   | Identified the +4 ring mail of Xuzuw {rElec rN++ Str+4
                  | Int-5}
 15948 | Lair:4   | Reached skill level 5 in Invocations
 16617 | Lair:5   | Noticed a death yak
 16618 | Lair:5   | Noticed a death yak
 16618 | Lair:5   | Noticed a death yak
 16619 | Lair:5   | Noticed a death yak
 16654 | Lair:4   | Killed a death yak
 16655 | Lair:4   | Reached skill level 10 in Throwing
 16655 | Lair:4   | Reached XP level 13. HP: 93/95 MP: 16/16
 16846 | Lair:4   | Reached skill level 1 in Dodging
 17284 | Lair:5   | Found a staircase to the Slime Pits.
 17635 | Lair:5   | Reached skill level 5 in Dodging
 17995 | Lair:6   | Entered Level 6 of the Lair of Beasts
 18039 | Lair:6   | Found a dark tunnel.
 18218 | Volcano  | Entered a volcano
 18281 | Volcano  | Cast into level 2 of the Abyss (a wizard)
 18305 | Abyss:2  | Noticed a great orb of eyes
 18368 | Abyss:2  | Gained mutation: [Your magical capacity is low. (-10% MP)]
                  | [a neqoxec]
 18378 | Abyss:2  | Gained mutation: You have hidden genetic defects. [a
                  | neqoxec]
 18381 | Abyss:2  | Gained mutation: You sometimes lose the ability to read
                  | scrolls when taking damage. [a neqoxec]
 18387 | Abyss:2  | Noticed a cyan very ugly thing
 18405 | Abyss:2  | Killed a cyan very ugly thing
 18468 | Abyss:3  | Noticed a starcursed mass
 18469 | Abyss:3  | Noticed a tentacled starspawn
 18486 | Abyss:3  | Noticed a tentacled starspawn
 18499 | Abyss:3  | Noticed a yellow draconian
 18521 | Abyss:3  | Noticed a tentacled starspawn
 18522 | Abyss:3  | HP: 3/95 [hellion (3)]
 18524 | Abyss:3  | Killed from afar by a wretched star

Illustrated notes

Levels and vault maps discovered:
D:1:      lightli_arrival_maybe_door_vault, layout_basic,
          chequers_ecumenical_altar_simple_redux, minmay_misc_feat_diagonals
D:2:      layout_rooms, uniq_natasha
D:3:      layout_loops_ring, nicolae_overflow_hidden_temple
D:4:      wad_pebble_path, layout_basic, gup_sewer_entry_pipe, serial_shops,
          nicolae_shop_crystal
D:5:      layout_basic, minmay_misc_feat_pillars, uniq_ijyb
D:6:      layout_gridville, minmay_temple_entry_fiery, minmay_checkerbox
D:7:      layout_gridville, gammafunk_temple_overflow_wave,
          ebering_ghost_reflecting_pool
D:8:      layout_rooms, mainiacjoe_overflow_catch_the_wave,
          minmay_lair_entry_grove, serial_aquarium,
          aquarium_bridge_long_separate [aquarium_subvault_wall,
          aquarium_subvault_window, aquarium_subvault_bridge,
          aquarium_subvault_wall, aquarium_subvault_bridge,
          aquarium_subvault_bridge], aquarium_window_corner,
          aquarium_window_fake, aquarium_view_2f, aquarium_balcony_5b,
          corexii_hall_statues_t
Lair:1:   layout_cave_pods, grunt_megastairs_5
Lair:2:   layout_regular_city, spider_nest_entry_a
Lair:3:   layout_regular_city, elwin_shoals_entry_rocks, evilmike_ambush
          [evilmike_ambush_outer_basic, evilmike_ambush_inner_pond],
          serial_bayou_shore_b
Lair:4:   layout_regular_city
Lair:5:   layout_loops_ring, nicolae_slime_entry_slimehenge, grunt_megastairs_3
Lair:6:   minmay_lair_end_enchanted_forest, layout_layer_cave,
          nicolae_volcano_entry_vermiform, serial_rivers,
          chequers_serial_rivers_micro_b, chequers_serial_rivers_micro_d,
          chequers_serial_rivers_large_b, chequers_serial_rivers_small_3,
          chequers_serial_rivers_small_3, chequers_serial_rivers_small_b,
          kennysheep_rathole
Abyss:3:  base: Lair:4, evilmike_abyss_exit_12, bh_silent_lugonu_exit
Volcano:  volcano_bunker

Skill      XL: |  1  2  3  4  5  6  7  8  9 10 11 12 13 |
---------------+----------------------------------------+-----
Axes           | 3 4 5 6 8 9 11 14 15 16 20 | 20.0
Armour         | 6 10 11 | 11.0
Throwing       | 4 8 10 | 10.0
Invocations    | 5 7 |  7.8
Dodging        | 5 |  5.1
Fighting       | |  3.6
Staves         | |  0.3
Shields        | |  3.2

Action                   |  1- 3 |  4- 6 |  7- 9 | 10-12 | 13-15 || total
-------------------------+-------+-------+-------+-------+-------++-------
Melee: War axe           |    55 |   152 |     6 |       |       ||   213
       Battleaxe         |       |       |   256 |   457 |   147 ||   860
Throw: Boomerang         |       |       |    17 |    30 |     6 ||    53
       Javelin           |       |       |       |     4 |       ||     4
Invok: Berserk           |     1 |     4 |     6 |    10 |     2 ||    23
       Trog's Hand       |       |       |       |     2 |     1 ||     3
       Brothers in Arms  |       |       |       |     2 |       ||     2
  Use: Scroll            |       |     9 |       |    10 |     1 ||    20
       Potion            |       |       |       |       |     1 ||     1
 Stab: Sleeping          |       |       |       |     1 |     3 ||     4
Armor: Scale mail        |    24 |    56 |    59 |       |       ||   139
       Plate armour      |       |       |    54 |   300 |       ||   354
       Shadow dragon sca |       |       |       |    20 |    93 ||   113
Dodge: Dodged            |    25 |    60 |    79 |   148 |    68 ||   380
Block: Buckler           |    18 |    60 |     3 |       |       ||    81
       Other             |       |       |    60 |   106 |    28 ||   194
       Reflection        |       |       |     3 |     1 |       ||     4

Table legend: (Time is in decaauts)
 A = Elapsed time spent in this place.
 B = Non-inter-level travel time spent in this place.
 C = Inter-level travel time spent in this place.
 D = Time resting spent in this place.
 E = Time spent auto-exploring this place.
 F = Levels seen in this place.
 G = Mean time per level.
                   A        B        C        D        E       F      G
               +--------+--------+--------+--------+--------+-----+--------+
         Total |  18769 |  18263 |    506 |   6356 |   7974 |  18 | 1042.7 |
       Dungeon |   9167 |   8809 |    358 |   2110 |   4694 |   8 | 1145.9 |
          Lair |   9206 |   9059 |    147 |   4192 |   3279 |   6 | 1534.3 |
         Abyss |    246 |    246 |      0 |     53 |      0 |   2 |  123.0 |
         Sewer |     90 |     90 |      0 |      0 |      0 |   1 |   90.0 |
       Volcano |     57 |     57 |      0 |      0 |      0 |   1 |   57.0 |
               +--------+--------+--------+--------+--------+-----+--------+

Top non-repeatable levels by time:
  Lair:1: 2466 daAuts
  Lair:3: 2251 daAuts
     D:7: 1990 daAuts
  Lair:2: 1743 daAuts
  Lair:4: 1564 daAuts
     D:4: 1348 daAuts
     D:3: 1218 daAuts
     D:5: 1120 daAuts
     D:1: 1110 daAuts
     D:6: 1027 daAuts
     D:2: 985 daAuts
  Lair:5: 963 daAuts
     D:8: 366 daAuts
  Lair:6: 217 daAuts
 Abyss:2: 132 daAuts
